 Dungeon Crawl Stone Soup version 0.24-a0-217-g1152973 (webtiles) character file.

Game seed: 14899746157989456456

459 Gleancrawler the Chopper (level 7, -4/52 HPs)
             Began as a Formicid Berserker on Mar 29, 2019.
             Was a Priest of Trog.
             Killed from afar by Sigmund (10 damage)
             ... with a puff of flame
             ... on level 4 of the Dungeon.
             The game lasted 00:10:08 (4431 turns).

Gleancrawler the Chopper (Formicid Berserker)       Turns: 4431, Time: 00:10:08

Health: -4/52      AC:  6    Str: 21    XL:     7   Next: 27%
Magic:  7/7        EV: 10    Int:  9    God:    Trog [***...]
Gold:   163        SH:  0    Dex: 10    Spells: 6/6 levels left

rFire    . . .     SeeInvis +   m - +0 war axe
rCold    . . .     Gourm    .   (no shield)
rNeg     . . .     Faith    .   g - +0 scale mail
rPois    .         Spirit   .   (helmet unavailable)
rElec    .         Reflect  .   (no cloak)
rCorr    .         Harm     .   (no gloves)
MR       .....                  (no boots)
Stlth    ..........             (no amulet)
HPRegen  0.17/turn              d - ring of teleportation (curse)
MPRegen  0.10/turn              (no ring)

@: no status effects
A: permanent stasis, dig shafts and tunnels, four strong arms, antennae 3
a: Dig, Shaft Self, Trog's Hand, Renounce Religion


You were on level 4 of the Dungeon.
You worshipped Trog.
Trog was most pleased with you.
You were not hungry.

You visited 1 branch of the dungeon, and saw 5 of its levels.
You also visited: Sewer and Ossuary.

You collected 163 gold pieces.

Inventory:

Hand Weapons
 a - a +0 hand axe
 f - a +1 whip of holy wrath
 m - a +0 war axe (weapon)
Armour
 g - a +0 scale mail (worn)
Jewellery
 d - a cursed ring of teleportation (left hand)
 e - an uncursed ring of fire
Scrolls
 b - 2 scrolls of remove curse
 j - 4 scrolls of identify
Potions
 i - 2 potions of flight
Comestibles
 c - 3 rations


   Skills:
 - Level 3.2 Fighting
 + Level 7.8 Axes
 - Level 2.1 Armour
 - Level 1.7 Dodging


You had 6 spell levels left.
You didn't know any spells.
Your spell library was empty.

Dungeon Overview and Level Annotations

Branches:
Dungeon (5/15)
 Temple: D:4-7

Altars:
Sif Muna

Annotations:
D:4 Sigmund


Innate Abilities, Weirdness & Mutations

You cannot be hasted, slowed, berserked, paralysed or teleported.
You can dig through walls and to a lower floor.
Your four strong arms can wield two-handed weapons with a shield.
You have a pair of large antennae on your head. (SInv)


Message History

You are too injured to fight recklessly!
You are too injured to fight recklessly!
You closely miss Sigmund.
Sigmund is severely wounded.
Sigmund says, "Now you see me, now you don't..."
Sigmund hits you with a +0 scythe!
* * * LOW HITPOINT WARNING * * *
You are too injured to fight recklessly!
You closely miss Sigmund.
Sigmund is severely wounded.
You barely miss Sigmund.
Sigmund is severely wounded.
Sigmund hits you with a +0 scythe.
* * * LOW HITPOINT WARNING * * *
You are too injured to fight recklessly!
You hit Sigmund.
Sigmund is almost dead.
Sigmund casts a spell at you. The puff of flame hits you!
You die...

# ########....#
#..#
#.##.###.>### #
#.##......... #
#.##.###..### #
#.##.###..# #
#...†.....# .
....###.###.<...
## ## . #.# ###
# #@# #
.......@# #
###.###.# #.#
... ###


You could see Sigmund.

Vanquished Creatures
  An ogre (D:4)
  A scorpion (D:4)
  Jessica (D:4)
  2 worker ants (D:4)
  3 mummies
  7 adders
  4 gnolls
  2 river rats (D:3)
  2 worms (D:2)
  3 dart slugs
  4 leopard geckos (D:2)
  7 orcs (D:4)
  2 bats
  6 giant cockroaches
  A gnoll zombie (Ossuary)
  3 goblins (D:1)
  8 hobgoblins
  4 jackals
  6 kobolds
  A quokka (D:4)
  2 ball pythons (D:2)
  4 frilled lizards
  A hobgoblin zombie (Ossuary)
  3 kobold zombies (Ossuary)
  2 orc zombies (Ossuary)
  9 rats
89 creatures vanquished.

Notes
Turn   | Place    | Note
-------+----------+-------------------------------------------
     0 | D:1      | Gleancrawler the Formicid Berserker began the quest for the
                  | Orb.
     0 | D:1      | Reached XP level 1. HP: 18/18 MP: 1/1
   148 | D:1      | Reached XP level 2. HP: 24/24 MP: 2/2
   816 | D:1      | Reached skill level 4 in Axes
   816 | D:1      | Reached XP level 3. HP: 29/29 MP: 3/3
  1241 | D:2      | Reached XP level 4. HP: 30/35 MP: 4/4
  1367 | D:2      | Reached ** piety under Trog
  1627 | D:2      | Reached skill level 5 in Axes
  1972 | D:2      | Reached XP level 5. HP: 32/41 MP: 5/5
  2650 | D:3      | Found a glowing drain.
  2702 | D:3      | Reached skill level 6 in Axes
  2825 | Sewer    | Entered a sewer
  2962 | Sewer    | Noticed a crocodile
  2992 | D:3      | You fall through a shaft for 2 floors!
  2992 | D:5      | Entered Level 5 of the Dungeon
  3226 | D:4      | Reached XP level 6. HP: 44/47 MP: 6/6
  3381 | D:4      | Noticed an ogre
  3429 | D:4      | Noticed Jessica
  3453 | D:4      | Killed Jessica
  3475 | D:4      | Killed an ogre
  3475 | D:4      | Reached skill level 7 in Axes
  3637 | D:4      | Reached *** piety under Trog
  3637 | D:4      | Reached XP level 7. HP: 40/52 MP: 7/7
  3648 | D:4      | Found a sand-covered staircase.
  3663 | Ossuary  | Entered an ossuary
  4052 | D:4      | Found a deep blue altar of Sif Muna.
  4413 | D:4      | Noticed Sigmund
  4431 | D:4      | Killed from afar by Sigmund

Levels and vault maps discovered:
D:1:      mrwooster_arrival_arrow, layout_basic, minmay_misc_feat_doors
D:2:      layout_rooms, minmay_puff
D:3:      layout_basic, portal_sewer_entry_a
D:4:      layout_loops_ring, tgw_sif, gup_ossuary_entry_pyramid, uniq_sigmund
D:5:      layout_loops_ring, first_ration, cheibrodos_ashenzari_chains,
          uniq_duvessa, uniq_ijyb
Sewer:    sewer_the_crocodile
Ossuary:  ossuary_tomb_3

Skill      XL: |  1  2  3  4  5  6 |
---------------+-------------------+-----
Axes           | 4 5 6 7 |  7.8
Fighting       | |  3.2
Armour         | |  2.1
Dodging        | |  1.7

Action                   |  1- 3 |  4- 6 |  7- 9 || total
-------------------------+-------+-------+-------++-------
Melee: Hand axe          |    85 |   236 |     8 ||   329
       Whip              |       |       |    43 ||    43
       War axe           |       |       |    22 ||    22
Invok: Trog's Hand       |       |     1 |     1 ||     2
 Abil: Dig               |     2 |     5 |       ||     7
       Shaft Self        |       |     1 |       ||     1
  Use: Scroll            |     4 |     4 |       ||     8
 Stab: Sleeping          |     1 |       |       ||     1
  Eat: Chunk             |     1 |     9 |       ||    10
       Ration            |       |       |     1 ||     1
Armor: Animal skin       |    18 |       |       ||    18
       Scale mail        |    10 |   113 |    12 ||   135
Dodge: Dodged            |    49 |   153 |    25 ||   227

Table legend:
 A = Non-vault XP
 B = Vault XP
 C = Vault XP percentage of total XP
 D = Non-vault monster count
 E = Vault monster count
 F = Vault count percentage of total count
                 A         B        C        D         E       F
            +---------+---------+-------+---------+---------+-------
      Total |     498 |     158 |  24.1 |      64 |      25 |  28.1
            +---------+---------+-------+---------+---------+-------
        D:1 |      49 |       0 |   0.0 |      19 |       0 |   0.0
        D:2 |     127 |      22 |  14.8 |      27 |       5 |  15.6
        D:3 |      30 |      29 |  49.2 |       4 |       4 |  50.0
        D:4 |     292 |      55 |  15.9 |      14 |       2 |  12.5
      Sewer |       0 |       8 | 100.0 |       0 |       5 | 100.0
    Ossuary |       0 |      44 | 100.0 |       0 |       9 | 100.0
            +---------+---------+-------+---------+---------+-------
